 Dungeon Crawl Stone Soup version 0.23-a0-164-g7711e57 (webtiles) character file.

494 iamserjio the Ducker (level 7, 0/55 HPs)
             Began as a Merfolk Wanderer on Sept 9, 2018.
             Succumbed to poison (a needle trap)
             ... in an ossuary.
             The game lasted 00:12:12 (2986 turns).

iamserjio the Ducker (Merfolk Wanderer)             Turns: 2986, Time: 00:12:13

Health: 0/55       AC:  7    Str: 11 (13) XL:     7   Next: 15%
Magic:  16/16      EV: 15    Int: 11 (14) God:
Gold:   96         SH:  0    Dex: 13 (14) Spells: 6/6 levels left

rFire    . . .     SeeInvis .     - Unarmed
rCold    . . .     Gourm    .   (no shield)
rNeg     . . .     Faith    .   i - +0 leather armour
rPois    .         Spirit   .   (no helmet)
rElec    .         Reflect  .   (no cloak)
rCorr    .         Harm     .   (no gloves)
MR       .....                  k - +0 pair of boots
Stlth    ++........             m - amulet of rage
HPRegen  0.18/turn              h - ring of magical power
MPRegen  0.15/turn              (no ring)

@: lethally poisoned (0 -> -2), berserk cooldown, slowed, very slow
A: change form in water, swift swim, stealthy swim, molten scales 1, clever 1,
shaggy fur 1
a: Evoke Berserk Rage


You were in an ossuary.
You were very hungry.

You visited 1 branch of the dungeon, and saw 4 of its levels.
You also visited: Ossuary.

You collected 96 gold pieces.

Inventory:

Hand Weapons
 a - a +2 shortbow
 c - a +0 mace
 l - a +1 dagger of venom
 u - a +0 spear
Missiles
 b - 18 arrows
 n - 43 stones (quivered)
 q - 39 sling bullets
Armour
 e - a +0 robe
 i - a +0 leather armour (worn)
 k - a +0 pair of boots (worn)
 x - a +0 scale mail
Jewellery
 h - a ring of magical power (left hand)
 m - an amulet of rage (around neck)
Scrolls
 d - a scroll of teleportation
 j - 2 scrolls of remove curse {@r2}
 p - a scroll of immolation
 v - a scroll of fog {unknown}
 w - a scroll of enchant weapon {unknown}
 z - a scroll of amnesia {unknown}
Potions
 s - a potion of invisibility
Comestibles
 f - a ration


   Skills:
 - Level 4.3 Fighting
 - Level 1.5 Bows
 - Level 1.0 Armour
 + Level 7.2 Dodging
 - Level 1.4 Stealth
   Level 1.0 Shields
 * Level 5.0 Unarmed Combat


You had 6 spell levels left.
You didn't know any spells.
Your spell library was empty.

Dungeon Overview and Level Annotations

Branches:
Dungeon (4/15)
 Temple: D:4-7

Altars:
Makhleb
Nemelex Xobeh

Annotations:
D:2 Sigmund
D:3 Ijyb


Innate Abilities, Weirdness & Mutations

You revert to your normal form in water.
You are very nimble and swift while swimming.
You are very stealthy in the water. (Stealth+)
You are partially covered in molten scales. (AC +2)
Your mind is acute. (Int +2)
You are covered in fur. (AC +1)


Message History

* * * LOW HITPOINT WARNING * * *
You feel sick.
Your library has no spells.
Unknown command.
Okay, then.
You feel extremely strange.
Your body's shape seems more normal.
Your yellow scales disappear.
Molten scales grow over part of your body.
Fur sprouts all over your body.
You feel clever.
Okay, then.
Okay, then.
Okay, then.
As you read the scroll of teleportation, it crumbles to dust.
You feel strangely unstable.
* * * LOW HITPOINT WARNING * * *
You feel sick.
There is a lethal amount of poison in your body!
There is a lethal amount of poison in your body!
Your surroundings suddenly seem different.
You die...

##########'###
#...# #^^.#
#^..# #.^^#
###'# #...#
#...# #@..#
#...# ##'##
#^..# ###
#####^..#
#!!!!#...#...#
+![[!#.∩.'.^.#
#!!!!#...#..∩#
### #########


There were no monsters in sight!

Vanquished Creatures
  An ogre (D:2)
  2 water moccasin zombies (Ossuary)
  2 howler monkeys (D:4)
  A hound (D:4)
  A centaur skeleton (D:4)
  A worker ant (D:4)
  A big kobold zombie (Ossuary)
  A mummy (D:4)
  5 adders
  An adder zombie (Ossuary)
  A worm (D:4)
  2 dart slugs
  2 orcs
  A giant cockroach (D:2)
  A gnoll zombie (Ossuary)
  6 goblins
  10 hobgoblins
  A quokka (D:4)
  2 bats
  5 frilled lizards
  2 hobgoblin zombies (Ossuary)
  3 kobolds
  4 kobold zombies (Ossuary)
  4 orc zombies (Ossuary)
  4 rats
64 creatures vanquished.

Notes
Turn   | Place    | Note
-------+----------+-------------------------------------------
     0 | D:1      | iamserjio the Merfolk Wanderer began the quest for the Orb.
     0 | D:1      | iamserjio set off with: a +2 shortbow, 26 arrows, a +0
                  | mace, a scroll of teleportation, a +0 robe, a ration
     0 | D:1      | Reached XP level 1. HP: 20/20 MP: 1/1
    65 | D:1      | HP: 1/20 [hobgoblin/club (5)]
   415 | D:1      | Reached skill level 2 in Dodging
   623 | D:1      | Reached XP level 2. HP: 26/26 MP: 2/2
   725 | D:1      | Reached skill level 1 in Unarmed Combat
   871 | D:1      | Found a sparkling altar of Nemelex Xobeh.
  1102 | D:1      | Reached XP level 3. HP: 31/31 MP: 3/3
  1433 | D:2      | Reached skill level 3 in Dodging
  1531 | D:2      | Noticed an ogre
  1650 | D:2      | Reached skill level 4 in Dodging
  1848 | D:2      | Reached XP level 4. HP: 38/38 MP: 4/4
  1853 | D:2      | Noticed Sigmund
  1881 | D:2      | Killed an ogre
  1881 | D:2      | Reached skill level 5 in Dodging
  1881 | D:2      | Reached XP level 5. HP: 43/43 MP: 5/5
  1991 | D:2      | Reached skill level 6 in Dodging
  2111 | D:3      | Noticed Ijyb
  2322 | D:4      | Found a burning altar of Makhleb.
  2402 | D:4      | Reached XP level 6. HP: 34/49 MP: 6/6
  2465 | D:4      | Found a sand-covered staircase.
  2505 | Ossuary  | Entered an ossuary
  2958 | Ossuary  | Reached skill level 7 in Dodging
  2958 | Ossuary  | Reached XP level 7. HP: 44/55 MP: 7/7
  2977 | Ossuary  | HP: 4/82 [water moccasin zombie (3)]
  2978 | Ossuary  | Reached skill level 5 in Unarmed Combat
  2982 | Ossuary  | HP: 2/55 [poison (a needle trap)]
  2983 | Ossuary  | Gained mutation: Armour fits poorly on your strangely
                  | shaped body. [potion of mutation]
  2983 | Ossuary  | Gained mutation: You are partially covered in yellow
                  | scales. (AC +2) [potion of mutation]
  2984 | Ossuary  | Lost mutation: Armour fits poorly on your strangely shaped
                  | body. [potion of mutation]
  2984 | Ossuary  | Lost mutation: You are partially covered in yellow scales.
                  | (AC +2) [potion of mutation]
  2984 | Ossuary  | Gained mutation: You are partially covered in molten
                  | scales. (AC +2) [potion of mutation]
  2984 | Ossuary  | Gained mutation: You are covered in fur. (AC +1) [potion of
                  | mutation]
  2984 | Ossuary  | Gained mutation: Your mind is acute. (Int +2) [potion of
                  | mutation]
  2986 | Ossuary  | Succumbed to poison (a needle trap)

Vault maps used:
D:1:      lightli_arrival_farm, nemelex_diamond_rough_becter
D:2:      chequers_temple_overflow_minitemple, first_ration,
          uniq_crazy_yiuf_cottage, uniq_sigmund
D:3:      marbit_many_paths, uniq_ijyb
D:4:      lemuel_doored_altar, gup_ossuary_entry_pyramid
Ossuary:  ossuary_tomb_2

Skill      XL: |  1  2  3  4  5  6  7 |
---------------+----------------------+-----
Dodging        | 2 4 5 6 7 |  7.2
Unarmed Combat | 1 3 4 5 |  5.0
Fighting       | |  4.3
Bows           | |  1.5
Armour         | |  1.0
Stealth        | |  1.4
Shields        | |  1.0

Action                   |  1- 3 |  4- 6 |  7- 9 || total
-------------------------+-------+-------+-------++-------
Melee: Unarmed           |       |   132 |    18 ||   150
       Punch             |       |     4 |       ||     4
 Fire: Shortbow          |    80 |    31 |       ||   111
 Abil: Evoke Berserk Rag |       |     1 |       ||     1
  Use: Scroll            |       |     6 |     1 ||     7
       Potion            |       |       |     4 ||     4
 Stab: Sleeping          |       |     1 |       ||     1
  Eat: Chunk             |     3 |     3 |       ||     6
Armor: Leather armour    |       |    17 |     2 ||    19
       Robe              |       |     2 |       ||     2
Dodge: Dodged            |    16 |    80 |     8 ||   104

Table legend:
 A = Non-vault XP
 B = Vault XP
 C = Vault XP percentage of total XP
 D = Non-vault monster count
 E = Vault monster count
 F = Vault count percentage of total count
                 A         B        C        D         E       F
            +---------+---------+-------+---------+---------+-------
      Total |     482 |     225 |  31.8 |      48 |      16 |  25.0
            +---------+---------+-------+---------+---------+-------
        D:1 |      36 |       0 |   0.0 |      21 |       0 |   0.0
        D:2 |     167 |       0 |   0.0 |      13 |       0 |   0.0
        D:3 |       3 |       0 |   0.0 |       2 |       0 |   0.0
        D:4 |     276 |      18 |   6.1 |      12 |       1 |   7.7
    Ossuary |       0 |     207 | 100.0 |       0 |      15 | 100.0
            +---------+---------+-------+---------+---------+-------
